 Dungeon Crawl Stone Soup version 0.31-a0-557-g6e16503903 (webtiles) character file.

Game seed: 5200438827436419094

419 Arcadio the Trooper (level 7, -1/56 HPs)
             Began as a Formicid Fighter on Aug 16, 2023.
             Was an Initiate of Ru.
             Slain by a water moccasin (3 damage)
             ... on level 5 of the Dungeon.
             The game lasted 00:07:13 (3700 turns).

Arcadio the Trooper (Formicid Fighter)              Turns: 3700, Time: 00:07:13

Health: -1/56      AC: 11    Str: 28    XL:     7   Next: 16%
Magic:  7/7        EV:  9    Int:  8    God:    Ru [......]
Gold:   136        SH:  5    Dex: 13    Spells: 6/6 levels left

rFire   . . .        a - +0 war axe
rCold   . . .        c - +0 buckler
rNeg    . . .        b - +0 scale mail
rPois   .            (helmet unavailable)
rElec   .            w - +0 cloak
rCorr   .            e - +0 pair of gloves
SInv    +            o - +0 pair of boots
Will    .....        (no amulet) Stlth
                     j - +6 ring of strength
HPRegen 0.29/turn    (no ring)
MPRegen 0.10/turn

%: no passive effects
@: mighty, lethally poisoned (-1 -> -2)
A: permanent stasis, dig shafts and tunnels, antennae 3, four strong arms
a: Dig, Shaft Self, Renounce Religion


You were on level 5 of the Dungeon.
You worshipped Ru.
Ru was noncommittal.
You visited 2 branches of the dungeon, and saw 6 of its levels.

You collected 136 gold pieces.

Inventory:

Hand Weapons
 a - a +0 war axe (weapon)
Armour
 b - a +0 scale mail (worn)
 c - a +0 buckler (worn)
 e - a +0 pair of gloves (worn)
 o - a +0 pair of boots (worn)
 w - a +0 cloak (worn)
Jewellery
 j - a +6 ring of strength (left hand)
 m - a ring of wizardry
Talismans
 p - a serpent talisman
Wands
 z - a wand of digging (2)
Scrolls
 f - 3 scrolls of teleportation
 i - 3 scrolls of immolation {unknown}
 l - a scroll of noise {unknown}
 s - a scroll of fog {unknown}
 t - a scroll of enchant armour {unknown}
 u - 2 scrolls of identify {unknown}
 x - a scroll of enchant weapon {unknown}
 y - a scroll of vulnerability {unknown}
 A - a scroll of blinking {unknown}
Potions
 g - 2 potions of curing {unknown}
 h - a potion of attraction {unknown}
 k - a potion of brilliance {unknown}
 n - a potion of invisibility {unknown}
 q - a potion of mutation {unknown}
 r - 2 potions of heal wounds {unknown}
 v - a potion of haste {unknown}


   Skills:
 + Level 5.5 Fighting
 + Level 4.3 Axes
 + Level 5.3 Armour
 - Level 4.0 Shields


You had 6 spell levels left.
You didn't know any spells.
Your spell library contained the following spells:

 Spells                   Type           Power      Damage    Failure   Level
 Ignite Poison            Fire/Tmut/Pois 0%         N/A       97%         3
 Sticky Flame             Conj/Fire      0%         2d3       100%        4
 Ignition                 Fire           0%         3d3       100%        8


Dungeon Overview and Level Annotations

Branches:
Dungeon (5/15) Zot: 26249  Temple (1/1) D:5 Zot: 5939

Altars:
Ashenzari
Dithmenos
Elyvilon
Fedhas
Gozag
Hepliaklqana
Kikubaaqudgha
Makhleb
Nemelex Xobeh
Okawaru
Ru
Sif Muna
Trog
Uskayaw
Wu Jian
Xom
Yredelemnul
The Shining One


Innate Abilities, Weirdness & Mutations

You cannot be hasted, slowed, berserked, paralysed or teleported.
You can dig through walls and to a lower floor.
You have a pair of large antennae on your head. (SInv)
Your four strong arms can wield two-handed weapons with a shield.


Message History

You are more poisoned.
The water moccasin poisons you!
You miss the water moccasin.
The water moccasin is severely wounded.
You feel extremely sick. The water moccasin closely misses you.
The water moccasin bites you but does no damage.
You miss the water moccasin.
The water moccasin is severely wounded.
You feel very sick.
The water moccasin bites you but does no damage. x2
You miss the water moccasin.
The water moccasin is severely wounded.
You feel very sick. The water moccasin closely misses you.
You block the water moccasin's attack.
You hit the water moccasin.
The water moccasin is severely wounded.
You feel very sick. The water moccasin bites you.
You barely miss the water moccasin.
The water moccasin is severely wounded.
You feel sick. The water moccasin bites you.
* * * LOW HITPOINT WARNING * * *
You block the water moccasin's attack.
You feel very mighty all of a sudden.
You feel sick. You block the water moccasin's attack.
The water moccasin closely misses you.
You miss the water moccasin.
The water moccasin is severely wounded.
You feel sick.
The water moccasin bites you but does no damage.
You barely miss the water moccasin.
The water moccasin is severely wounded.
You feel sick.
The water moccasin barely misses you. x2
You barely miss the water moccasin.
The water moccasin is severely wounded.
You feel sick. The water moccasin bites you.
* * * LOW HITPOINT WARNING * * *
The water moccasin bites you.
You die...

#.. .... #.. ...# #..
... #.. .. #.. #. #..
######.## ###
#......S####
....#@...#############
.$......................
#.....####.####......###
###### #...##......#
###.........#
####......# #......#
#......# #......#


You could see a water moccasin.

Vanquished Creatures
  2 hounds
  2 orc priests (D:5)
  Crazy Yiuf (D:3)
  A gnoll bouda (D:5)
  An iguana (D:4)
  An orc wizard (D:5)
  4 gnolls (D:5)
  4 adders
  A shadow imp (D:3)
  An ufetubus (D:5)
  2 worms
  2 dart slugs
  2 orcs
  3 ball pythons
  12 endoplasms
  5 giant cockroaches
  6 goblins
  7 hobgoblins
  7 jackals
  8 kobolds
  5 quokkas
  8 bats
  A frilled lizard (D:1)
  8 rats
94 creatures vanquished.

Notes
Turn   | Place    | Note
-------+----------+-------------------------------------------
     0 | D:1      | Arcadio the Formicid Fighter began the quest for the Orb.
     0 | D:1      | Reached XP level 1. HP: 18/18 MP: 1/1
    79 | D:1      | Reached XP level 2. HP: 22/24 MP: 2/2
   291 | D:1      | Reached XP level 3. HP: 24/30 MP: 3/3
   964 | D:2      | Reached XP level 4. HP: 30/37 MP: 4/4
  1681 | D:3      | Reached XP level 5. HP: 22/37 MP: 5/5
  1764 | D:3      | Found a faded altar of an unknown god.
  1779 | D:3      | Prayed at the altar of an unknown god.
  1779 | D:3      | Became a worshipper of Elyvilon the Healer
  1779 | D:3      | Reached * piety under Elyvilon
  2069 | D:3      | Found a runed translucent door.
  2070 | D:3      | Noticed Crazy Yiuf
  2240 | D:3      | Reached ** piety under Elyvilon
  2412 | D:3      | Killed Crazy Yiuf
  2498 | D:4      | Reached XP level 6. HP: 48/50 MP: 6/6
  2807 | D:4      | Reached skill level 5 in Fighting
  3198 | D:5      | Entered Level 5 of the Dungeon
  3198 | D:5      | Reached *** piety under Elyvilon
  3226 | D:5      | Reached skill level 5 in Armour
  3470 | D:5      | Reached XP level 7. HP: 56/56 MP: 7/7
  3599 | D:5      | Found a staircase to the Ecumenical Temple.
  3609 | Temple   | Entered the Ecumenical Temple
  3634 | Temple   | Fell from the grace of Elyvilon
  3634 | Temple   | Became a worshipper of Ru the Awakened
  3685 | D:5      | Noticed a water moccasin
  3700 | D:5      | HP: 2/56 [water moccasin (3)]
  3700 | D:5      | Slain by a water moccasin

Illustrated notes

Levels and vault maps discovered:
D:1:      saegor_arrival_simple_d, layout_loops_cross, minmay_unequal
D:2:      layout_basic
D:3:      layout_rooms, basic_ecumenical_altar, minmay_door_square,
          nicolae_titane, uniq_crazy_yiuf_cottage
D:4:      layout_gridville, serial_park_tiny_pond
D:5:      layout_basic, minmay_temple_entry_enclosed_plants,
          nicolae_shop_i_like_small_books_too
Temple:   regret_index_temple_mists

Skill      XL: |  1  2  3  4  5  6 |
---------------+-------------------+-----
Fighting       | 4 5 |  5.5
Armour         | 4 5 |  5.3
Axes           | 3 4 |  4.3
Shields        | |  4.0

Action                     |  1- 3 |  4- 6 |  7- 9 || total
---------------------------+-------+-------+-------++-------
  Melee: War axe           |    80 |   155 |    26 ||   261
    Use: Scroll            |     1 |       |       ||     1
         Potion            |       |       |     1 ||     1
 Armour: Scale mail        |    47 |    69 |    11 ||   127
  Dodge: Dodged            |    34 |    74 |    20 ||   128
  Block: Buckler           |    22 |    31 |    11 ||    64

Table legend: (Time is in decaauts)
 A = Elapsed time spent in this place.
 B = Non-inter-level travel time spent in this place.
 C = Inter-level travel time spent in this place.
 D = Time resting spent in this place.
 E = Time spent auto-exploring this place.
 F = Levels seen in this place.
 G = Mean time per level.
                   A        B        C        D        E       F      G
               +--------+--------+--------+--------+--------+-----+--------+
         Total |   3810 |   3612 |    198 |    276 |   2495 |   6 |  635.0 |
       Dungeon |   3749 |   3572 |    177 |    276 |   2495 |   5 |  749.8 |
        Temple |     60 |     39 |     21 |      0 |      0 |   1 |   60.0 |
               +--------+--------+--------+--------+--------+-----+--------+

Top non-repeatable levels by time:
     D:1: 858 daAuts
     D:2: 854 daAuts
     D:3: 853 daAuts
     D:4: 715 daAuts
     D:5: 468 daAuts
  Temple: 60 daAuts
